Map: Forteresse de fer EC

Players

Luis

  • Race: Zerg Zerg
  • League: Grandmaster

AgCl - Winner!

  • Race: Protoss Protoss
  • League: Grandmaster

VOD

Have the link to the VOD?

Description

Time

  • Played on: June 8, 2015, 1:09 a.m.
  • Length: 9:02
Show
View Real Time Build Order
Export as new Build Order

Luis Zerg 

Build Orders: Hatch First 

Get SALT Encoding   

  12  0:01  Drone  
  13  0:12  Overlord  
  13  0:17  Drone  
  14  0:30  Drone  
  14  0:31  Drone  
  14  0:34  Drone  
  17  0:56  Hatchery  
  16  1:02  Drone x2  
  18  1:15  Spawning Pool  
  18  1:17  Drone  
  18  1:22  Drone  
  19  1:30  Overlord  
  19  1:39  Drone  
  20  1:54  Extractor  
  20  1:55  Drone  
  20  1:56  Extractor  
  19  2:09  Queen x2  
  19  2:11  Drone x2  
  19  2:13  Drone  
  26  2:20  Drone  
  27  2:33  Zergling x4  
  27  2:48  Drone x3  
  30  2:57  Lair  
  30  3:06  Drone x4  
  34  3:22  Drone, Overlord x2  
  35  3:30  Evolution Chamber  
  34  3:38  Evolution Chamber  
  34  3:40  Overlord  
  33  3:42  Drone x2  
  33  3:43  Drone  
  36  3:48  Drone  
  36  3:49  Drone  
  38  3:59  Roach Warren  
  37  4:04  Zerg Missile Weapons Level 1  
  37  4:06  Drone x2  
  37  4:08  Drone  
  37  4:09  Drone  
  41  4:16  Zerg Ground Armor Level 1  
  41  4:20  Drone x2  
  43  4:30  Extractor  
  37  4:44  Spore Crawler  
  33  4:47  Queen  
  35  4:55  Glial Reconstitution  
  35  4:57  Spore Crawler  
  35  4:59  Drone x5  
  39  5:17  Drone x4  
  39  5:18  Overlord  
  39  5:19  Overlord  
  43  5:31  Overlord x3  
  43  5:45  Overlord x3  
  43  5:52  Drone x3  
  46  6:09  Roach x7  
  46  6:10  Roach  
  62  6:17  Hydralisk Den  
  61  6:19  Drone  
  61  6:20  Drone x2  
  64  6:31  Roach x3  
  70  6:44  Roach x7  
  82  6:55  Muscular Augments  
  80  7:03  Roach x4  
  80  7:08  Roach x2  
  87  7:18  Queen x2  
  87  7:20  Hydralisk x2  
  93  7:24  Hydralisk x2  
  97  7:34  Spore Crawler  
  97  7:35  Spore Crawler  
  91  7:38  Spore Crawler x2  
  73  8:07  Hydralisk  
  73  8:08  Hydralisk x4  
  82  8:24  Hydralisk x2  
  82  8:25  Hydralisk x2  
Show
View Real Time Build Order
Export as new Build Order

AgCl Protoss - Winner!

Build Orders: 1 Gate Expand, Oracle Opening, Oracle Opening, Carrier Rush 

Get SALT Encoding   

  12  0:03  Probe  
  13  0:18  Probe  
  13  0:19  Pylon  
  14  0:37  Probe  
  14  0:41  Gateway  
  15  0:49  Probe  
  16  1:01  Probe  
  17  1:29  Cybernetics Core, Nexus  
  17  1:33  Zealot (Chrono Boost)  
  17  1:39  Assimilator  
  19  1:44  Probe  
  20  1:56  Probe  
  21  2:08  Probe (Chrono Boost), Pylon  
  22  2:10  Assimilator  
  22  2:27  Probe (Chrono Boost)  
  23  2:36  Probe (Chrono Boost)  
  24  2:43  Probe (Chrono Boost)  
  23  2:54  Stargate  
  23  2:56  Probe (Chrono Boost)  
  25  2:58  Probe (Chrono Boost)  
  25  2:59  Warp Gate  
  25  3:03  Pylon  
  26  3:08  Probe (Chrono Boost)  
  26  3:09  Probe (Chrono Boost)  
  27  3:16  Probe (Chrono Boost)  
  27  3:19  Probe (Chrono Boost)  
  29  3:24  Probe (Chrono Boost)  
  31  3:27  Probe (Chrono Boost)  
  31  3:32  Probe (Chrono Boost)  
  31  3:33  Assimilator  
  33  3:35  Probe (Chrono Boost)  
  33  3:37  Oracle (Chrono Boost)  
  33  3:39  Probe  
  37  3:43  Assimilator  
  37  3:44  Probe  
  38  3:51  Probe  
  39  3:58  Probe (Chrono Boost)  
  40  4:03  Probe (Chrono Boost), Fleet Beacon  
  40  4:04  Pylon  
  42  4:14  Probe x2 (Chrono Boost)  
  43  4:21  Probe (Chrono Boost)  
  45  4:26  Probe (Chrono Boost)  
  45  4:27  Carrier (Chrono Boost)  
  45  4:31  Probe (Chrono Boost)  
  46  4:34  Probe (Chrono Boost)  
  47  4:48  Probe (Chrono Boost)  
  55  4:53  Probe (Chrono Boost), Pylon  
  55  4:54  Protoss Air Weapons Level 1  
  55  4:59  Probe (Chrono Boost)  
  57  5:00  Probe (Chrono Boost)  
  57  5:11  Mothership Core (Chrono Boost)  
  60  5:15  Probe (Chrono Boost)  
  60  5:16  Nexus  
  60  5:18  Pylon  
  60  5:22  Probe (Chrono Boost)  
  60  5:24  Gateway, Carrier (Chrono Boost)  
  60  5:25  Probe  
  62  5:31  Pylon  
  62  5:33  Gateway x2  
  63  5:37  Stalker  
  64  5:45  Graviton Catapult (Chrono Boost)  
  70  5:55  Probe  
  71  6:00  Probe, Forge  
  72  6:04  Gateway  
  72  6:09  Probe  
  73  6:21  Probe, Pylon  
  73  6:23  Pylon  
  73  6:24  Adept  
  76  6:26  Carrier (Chrono Boost)  
  76  6:31  Pylon  
  80  6:51  Adept x2  
  84  6:56  Assimilator  
  84  6:58  Photon Cannon  
  84  7:02  Pylon  
  84  7:03  Stargate  
  84  7:04  Assimilator  
  84  7:06  Pylon  
  80  7:19  Adept x2  
  84  7:25  Sentry  
  84  7:26  Stalker  
  84  7:27  Stalker  
  88  7:39  Probe  
  88  7:41  Probe  
  87  7:46  Gateway  
  87  7:47  Gateway  
  87  7:48  Void Ray (Chrono Boost)  
  87  7:49  Pylon  
  87  7:50  Stargate  
  89  7:51  Void Ray (Chrono Boost)  
  89  7:52  Pylon  
  85  8:07  Adept x2  
  89  8:18  Zealot  
  89  8:19  Zealot x2  
  83  8:45  Zealot x3  
  83  8:46  Zealot  
  91  8:50  Probe (Chrono Boost)  
  93  8:56  Probe (Chrono Boost)  
Tags
 
Add a new tag
Caveats
  • Supply blocks, unpowered buildings, or Contaminate may cause inaccurate times.
  • Supply counts are checked every 10 seconds.